 Dungeon Crawl Stone Soup version 0.28-a0-1182-g381e24db82 (webtiles) character file.

Game seed: 3632773592259395393

21 lonewolfV2 the Ducker (level 3, -5/28 HPs)
             Began as a Djinni Gladiator on Dec 16, 2021.
             Slain by Natasha (8 damage)
             ... on level 2 of the Dungeon.
             The game lasted 00:02:17 (1419 turns).

lonewolfV2 the Ducker (Djinni Gladiator)            Turns: 1419, Time: 00:02:18

Health: -5/28      AC:  4    Str: 15    XL:     3   Next: 2%
Gold:   42         EV: 13    Int:  9    God:
                   SH:  0    Dex: 14

rFire   + + .      SeeInvis .     - Unarmed
rCold   x . .      Faith    .   (no shield)
rNeg    . . .      Spirit   .   a - +0 leather armour
rPois   ∞          Reflect  .   b - +0 helmet
rElec   .          Harm     .   (no cloak)
rCorr   .          Rampage  .   (no gloves)
Will    .....                   (boots unavailable)
Stlth   +.........              (no amulet)
HPRegen 0.09/turn               (no ring)
MPRegen 0.00/turn               (no ring)

@: flying
A: sickness immunity, fire resistance 2, cold vulnerability 1, float, innate
caster, hp casting, extra vitality 1
a: no special abilities


You were on level 2 of the Dungeon.
You visited 1 branch of the dungeon, and saw 2 of its levels.

You collected 42 gold pieces.

Inventory:

Missiles
 c - 3 throwing nets (quivered)
Armour
 a - a +0 leather armour (worn)
 b - a +0 helmet (worn)
Scrolls
 e - a scroll of noise {unknown}
Potions
 d - a potion of curing {unknown}


   Skills:
 + Level 2.0 Fighting
 + Level 1.7 Throwing
 + Level 3.8 Dodging
 + Level 0.3 Stealth
 + Level 3.3 Unarmed Combat


You had one spell level left.
You knew the following spells:

 Your Spells              Type           Power      Damage    Failure   Level
a - Slow                  Hex            0%         N/A       45%         1
Your spell library was empty.

Dungeon Overview and Level Annotations

Branches:
Dungeon (2/15)

Altars:

Annotations:
D:2 Natasha


Innate Abilities, Weirdness & Mutations

You are immune to sickness and miasma.
You are immune to poison.
Your flesh is very heat resistant. (rF++)
You are vulnerable to cold. (rC-)
You float through the air rather than walking.
You learn spells naturally, not from books.
Your magical power is your life essence.
You have superior vitality. (+4 HP)


Message History

The endoplasm quivers.
Natasha, Servant of Life and Death comes into view.
The helpless quokka fails to defend itself.
You hit the quokka.
The quokka is severely wounded.
Natasha hisses angrily.
The quokka bites you.
You hit the quokka but do no damage.
The quokka is severely wounded.
The quokka bites you. Natasha casts a spell at you. The magic dart hits you!
You barely miss the quokka.
The quokka is severely wounded.
The quokka barely misses you.
You closely miss the quokka.
The quokka is heavily wounded.
The quokka bites you but does no damage.
Natasha stares at you and mumbles some strange words.
The magic dart hits you.
You miss the quokka.
The quokka is heavily wounded.
The quokka closely misses you. The endoplasm barely misses you.
The quokka bites you.
* * * LOW HITPOINT WARNING * * *
You hit the quokka.
You kill the quokka!
The endoplasm misses you.
You have reached level 3!
Your experience leads to an increase in your attributes!
Increase (S)trength, (I)ntelligence, or (D)exterity?
You feel stronger. x2
The power to cast Slow wells up from within.
Spell assigned to 'a'.
Natasha claws you.
* * * LOW HITPOINT WARNING * * *
You hit Natasha but do no damage.
Natasha extends her claws.
Natasha claws you!
You die...

....# ...# # ...# # ..#
# ... # #.# ##########
#h#
.........#######@####.##
................J.......
######....######.######.
# #....# #.# # #†...####
#.# ######........ ...
.............. ...
.#####..###### ...# .#
#..# #...#


You could see Natasha and an endoplasm.

Vanquished Creatures
  An endoplasm (D:2)
  3 giant cockroaches
  2 hobgoblins (D:1)
  A kobold (D:1)
  3 quokkas
  A ball python (D:1)
  3 bats
  A frilled lizard (D:1)
  A goblin (D:1)
  3 rats (D:1)
  A spectral hobgoblin (D:1)
20 creatures vanquished.

Notes
Turn   | Place    | Note
-------+----------+-------------------------------------------
     0 | D:1      | lonewolfV2 the Djinni Gladiator began the quest for the
                  | Orb.
     0 | D:1      | Reached XP level 1. HP: 18/18 MP: 0/0
   366 | D:1      | Reached XP level 2. HP: 21/23 MP: 0/0
   633 | D:1      | Found a faded altar of an unknown god.
  1411 | D:2      | Noticed Natasha
  1418 | D:2      | Reached XP level 3. HP: 5/28 MP: 0/0
  1418 | D:2      | Learned a level 1 spell: Slow
  1419 | D:2      | Slain by Natasha

Illustrated notes

Levels and vault maps discovered:
D:1:      amcnicky_arrival_double_pillar, layout_basic,
          dreamdust_ecumenical_altar_drowned_temple
D:2:      layout_basic, minmay_gold_behind_fungi, uniq_natasha

Action                   || total
-------------------------++-------
Melee: Unarmed           ||    93
       Punch             ||     1
  Use: Scroll            ||     2
 Stab: Sleeping          ||     1
Armor: Leather armour    ||    40
Dodge: Dodged            ||    91

Table legend: (Time is in decaauts)
 A = Elapsed time spent in this place.
 B = Non-inter-level travel time spent in this place.
 C = Inter-level travel time spent in this place.
 D = Time resting spent in this place.
 E = Time spent auto-exploring this place.
 F = Levels seen in this place.
 G = Mean time per level.
                   A        B        C        D        E       F      G
               +--------+--------+--------+--------+--------+-----+--------+
         Total |   1413 |   1392 |     21 |      0 |   1128 |   2 |  706.5 |
       Dungeon |   1413 |   1392 |     21 |      0 |   1128 |   2 |  706.5 |
               +--------+--------+--------+--------+--------+-----+--------+

Top non-repeatable levels by time:
     D:1: 1220 daAuts
     D:2: 193 daAuts
